AoeStats
← William T. Piker

Arena

510235515Analyzed
2v2 RM · 23h ago on Sep 30, 2026· 44m 47s· 4 players
Game mode
Random Map
Map size
Medium (4 player)
Population
200
Speed
Normal
Resources
Standard
Victory
Conquest
Starting age
Dark Age
Ending age
Imperial Age
RankedLock teamsTeams togetherTeam positionsShared explorationLock speedFull tech treeHidden civsTurbo modeCheats
Victory
Defeat
🇺🇸 Bulgarians · United States
1252
+14
🇺🇸 Cumans · United States
1252
+14
🇺🇸 Burgundians · United States
1248
-15
🇺🇸 Varangians · United States
1190
-13
buh
10:54 Feudal Age
14:53 Castle Age
13:37 Scale Mail Armor
15:36 Loom
19:52 Arson
josephharlan
5:01 Double-Bit Axe
5:10 Loom
5:20 Double-Bit Axe
6:51 Horse Collar
11:21 Feudal Age
14:58 Castle Age
13:38 Scale Barding Armor
14:17 Gold Mining
14:39 Bow Saw
19:05 Cavalier
22:45 Husbandry
23:28 Gold Shaft Mining
24:32 Wheelbarrow
24:14 Arson
24:53 Chain Barding Armor
29:24 Loom
30:09 Forging
30:20 Heavy Plow
30:38 Stone Mining
32:52 Iron Casting
32:37 Hand Cart
33:28 Town Watch
39:11 Imperial Age
38:05 Stone Shaft Mining
37:37 Padded Archer Armor
39:03 Leather Archer Armor
40:51 Chemistry
41:11 Burgundian Vineyards
42:40 Ballistics
William T. Piker
10:30 Feudal Age
12:59 Horse Collar
20:48 Castle Age
19:09 Double-Bit Axe
22:14 Wheelbarrow
21:41 Heavy Plow
21:58 Forging
22:24 Scale Barding Armor
22:40 Loom
25:21 Gold Mining
27:16 Town Watch
27:46 Hand Cart
27:48 Bow Saw
28:20 Bloodlines
28:53 Gold Shaft Mining
31:20 Iron Casting
33:51 Chain Barding Armor
38:14 Imperial Age
36:35 Sanctity
37:28 Scale Mail Armor
38:21 Steppe Husbandry
40:01 Conscription
41:15 Blast Furnace
41:31 Plate Barding Armor
42:21 Two-Man Saw
41:13 Stone Mining
41:00 Elite Steppe Lancer
42:44 Chemistry
Jean-Luc Petard
11:10 Feudal Age
13:27 Scale Barding Armor
13:26 Scale Mail Armor
14:12 Forging
13:58 Double-Bit Axe
14:30 Loom
22:28 Castle Age
20:44 Scale Barding Armor
21:24 Bloodlines
21:15 Horse Collar
21:30 Gold Mining
23:38 Fletching
25:59 Iron Casting
29:49 Wheelbarrow
31:21 Chain Barding Armor
31:48 Gold Shaft Mining
31:58 Husbandry
32:21 Town Watch
33:39 Squires
34:03 Chain Mail Armor
35:25 Hand Cart
35:35 Stirrups
40:05 Imperial Age
40:27 Elite Konnik
41:28 Conscription
42:13 Blast Furnace
41:43 Plate Mail Armor
41:49 Plate Barding Armor
Connection lost

Rejoining the realm…

Still unreachable

The connection could not be restored.

Session expired

The server has moved on; the page needs a fresh start.